Cogmind - Beta 11.1 @@@ ROGUE MODE // 2022.04.23 @ 20:37:39 Player: the cat Result: Destroyed by 8R-AWN with 8R-AWN's Boregun Performance ------------- Evolutions (0) 0 Regions Visited (3) 600 Robots Destroyed (17) 85 Value Destroyed (362) 362 Prototype IDs (23) 460 Alien Tech Used (0) 0 Bonus (338) 338 TOTAL SCORE: 1845 Bonus ------- High Alert Combat Kills 31 Follower Combat Kills 7 Aligned with FarCom 300 Cogmind --------- Core Integrity 0/250 Matter 195/300 Energy 100/100 System Corruption 7% Temperature Cool (0) Movement Core (650) Ox12 Location -10/Exiles Parts ------- > --- POWER (1) -------- (None) > --- PROPULSION (2) --- (None) > --- UTILITY (2) ------ Large Storage Unit Core Shielding > --- WEAPON (2) ------- YOLO Cannon > --- INVENTORY (15) --- High-capacity Matter Pod (195) Skeleton Box Latent Energy Streamer Particle Cannon Particle Cannon Peak State ------------ > --- POWER ------------ (None) > --- PROPULSION ------- Light Treads Light Treads > --- UTILITY ---------- Large Storage Unit Core Shielding > --- WEAPON ----------- YOLO Cannon > --- INVENTORY -------- High-capacity Matter Pod Skeleton Box Latent Energy Streamer Particle Cannon Particle Cannon [Rating: 26] Favorites ----------- Power Ion Engine Engine Ion Engine Propulsion Light Treads Treads Light Treads Wheel Wheel Utility Small Storage Unit Device Heat Sink Storage Small Storage Unit Protection Core Shielding Weapon Particle Cannon Energy Gun Small Laser Energy Cannon Particle Cannon Ballistic Gun Assault Rifle Launcher Grenade Launcher Special Weapon Mining Laser Build | -11 -10 -10 -10 ------- Run | Scr Mat Min Exi Slots Evolved . | . . . . Power . | . . . . Propulsion . | . . . . Utility . | . . . . Weapon . | . . . . Parts Attached 24 | 6 7 3 8 Power 2 | 1 . 1 . Engine 2 | 1 . 1 . Core . | . . . . Reactor . | . . . . Propulsion 5 | 2 1 . 2 Treads 3 | 1 . . 2 Leg . | . . . . Wheel 2 | 1 1 . . Hover . | . . . . Flight . | . . . . Utility 7 | 1 2 1 3 Device 1 | . 1 . . Storage 3 | 1 . . 2 Processor . | . . . . Hackware . | . . . . Protection 3 | . 1 1 1 Artifact . | . . . . Weapon 10 | 2 4 1 3 Energy Gun 1 | . 1 . . Energy Cannon 3 | . 1 . 2 Ballistic Gun 4 | 2 1 . 1 Ballistic Cannon . | . . . . Launcher 1 | . . 1 . Special Weapon 1 | . 1 . . Impact Weapon . | . . . . Slashing Weapon . | . . . . Piercing Weapon . | . . . . Special Melee Weapon . | . . . . Unidentified Prototypes . | . . . . Parts Lost 7 | . . 1 6 Power 1 | . . . 1 Propulsion 4 | . . . 4 Utility . | . . . . Weapon 2 | . . 1 1 Highest Loss Streak 4 | . . 1 4 To Critical Strikes 4 | . . . 4 Average Slot Usage (%) 91 | . 99 95 83 Engine 13 | . 14 14 12 Treads 14 | . 14 14 14 Wheel 13 | . 14 14 12 Device 4 | . 8 6 . Storage 14 | . 14 14 14 Protection 9 | . 4 7 14 Energy Gun 1 | . 5 . . Energy Cannon 12 | . 8 14 13 Ballistic Gun 3 | . 10 1 . Launcher 2 | . . 7 . Naked Turns . | . . . . Heaviest Build 39 | 11 15 18 39 Greatest Support 40 | 10 10 10 40 Greatest Overweight (x) 12 | 1 1 1 12 Average Overweight (x) 1 | . 1 1 1 Largest Inventory Capacity 15 | 8 8 8 15 Average Capacity 10 | 7 8 8 13 Most Carried 12 | 4 8 8 12 Average Carried 7 | 2 7 7 8 Final Capacity 15 | 8 8 8 15 Final Carried 8 | 4 7 8 5 Class Distribution -------------------- 100% | Mutant Dominant Class ---------------- Mutant | -10/Materials Mutant | -10/Mines Mutant | -10/Exiles Resources | -11 -10 -10 -10 ----------- Run | Scr Mat Min Exi Matter Collected 783 | 185 80 68 450 Remotely . | . . . . Salvage Created 331 | . 228 103 . Parts 24 | . 15 9 . Haulers Intercepted 2 | . 2 . . Recyclers Shooed 1 | . 1 . . Parts Field Recycled . | . . . . Retrieved Matter . | . . . . Parts Self-Destructed . | . . . . Prevented . | . . . . Kills | -11 -10 -10 -10 ------- Run | Scr Mat Min Exi Combat Hostiles Destroyed 14 | . 3 11 . Guns 2 | . 2 . . Cannons 2 | . 1 1 . AOE 10 | . . 10 . Classes Destroyed 4 | . 3 1 . Worker 1 | . 1 . . Hauler 2 | . 2 . . Swarmer 7 | . . 7 . Grunt 7 | . 3 4 . Best Kill Streak 4 | . 3 4 . Combat Bots Only 4 | . 2 4 . Max Kills in Single Turn 2 | . 2 2 . Gunslinging . | . . . . Exploded 2 | . . 2 . Melee . | . . . . Uniques/NPCs Destroyed . | . . . . Combat | -11 -10 -10 -10 -------- Run | Scr Mat Min Exi Damage Taken 1362 | . 269 277 816 Core 265 | . 64 75 126 Absorbed by Shields . | . . . . Redirected to Shielding 45 | . 13 6 26 Core Remaining (%) 100 | 100 . . . Volleys Fired 78 | . 41 26 11 Largest 2 | . 2 2 2 Hottest 100 | . 100 98 100 Shots Fired 100 | . 58 30 12 Gun 36 | . 28 . 8 Cannon 23 | . 6 13 4 Launcher 17 | . . 17 . Special 24 | . 24 . . Kinetic 25 | . 17 . 8 Thermal 57 | . 41 13 3 Explosive 17 | . . 17 . Electromagnetic 1 | . . . 1 Robot Hit Streak 6 | . 6 5 5 Robot Miss Streak 6 | . 2 6 3 Penetration Max . | . . . . Secondary Targets . | . . . . Shots Hit Robots 44 | . 23 13 8 Core Hits 27 | . 10 16 1 Critical Kills . | . . . . Critical Parts Destroyed . | . . . . Critical Strikes . | . . . . Melee Attacks . | . . . . Impact . | . . . . Slashing . | . . . . Piercing . | . . . . Sneak Attacks . | . . . . Combat Hostiles . | . . . . Follow-up Attacks . | . . . . Damage Inflicted 1506 | . 385 997 124 Guns 298 | . 206 . 92 Cannons 237 | . 103 124 10 Explosions 895 | . . 873 22 Melee . | . . . . Ramming 4 | . 4 . . Kinetic 233 | . 141 . 92 Thermal 386 | . 240 124 22 Explosive 873 | . . 873 . Electromagnetic 10 | . . . 10 Impact . | . . . . Slashing . | . . . . Piercing . | . . . . Highest Corruption 7 | . 4 4 7 Average Corruption 4 | . 3 4 4 Corruption Purged . | . . . . Corruption Blocked . | . . . . Effects 38 | . 6 11 21 Message Errors 14 | . 3 4 7 Matter Fused 6 | . . 2 4 Heat Flow Errors 2 | . . 1 1 Energy Discharges 3 | . 1 . 2 Parts Rejected 1 | . . . 1 Data Loss (minor) 4 | . . . 4 Data Loss (major) 3 | . 1 1 1 Misfires 3 | . . 3 . Alerts 2 | . 1 . 1 Overload Shots . | . . . . Overflow Damage 38 | . 4 26 8 Projectiles 4 | . 4 . . Explosions 34 | . . 26 8 Melee . | . . . . Knockbacks . | . . . . Impact . | . . . . Kinetic . | . . . . Secondary . | . . . . Self-Inflicted Damage 205 | . 2 99 104 Shots 5 | . . 4 1 Rammed 1 | . 1 . . Targets Rammed 1 | . 1 . . Kicked . | . . . . Crushed . | . . . . Highest Temperature 231 | . 47 231 204 Average Temperature 75 | . 31 98 68 Received Heat Transfer 189 | . 120 69 . Siege Activations . | . . . . Robots Corrupted . | . . . . Combat Hostiles . | . . . . Parts Fried . | . . . . Impact Corruptions . | . . . . Robots Melted . | . . . . Combat Hostiles . | . . . . Parts Melted . | . . . . Heat Transferred 767 | . 485 222 60 Parts Sabotaged . | . . . . Parts Stolen . | . . . . Parts Stripped . | . . . . Power Chain Reactions . | . . . . Missiles Intercepted . | . . . . Latent Energy Used 200 | . . . 200 LE Corruption 3 | . . . 3 Alert | -11 -10 -10 -10 ------- Run | Scr Mat Min Exi Peak Influence 622 | . 164 622 . Initial 11 | . . 11 . Average 198 | . 85 326 . Maximum Alert Level 2 | . . 2 . Low Security (%) 70 | 100 100 40 . Level 1 1 | . . 3 . Level 2 27 | . . 56 . Level 3 . | . . . . Level 4 . | . . . . Level 5 . | . . . . High Security . | . . . . Max Security . | . . . . Squads Dispatched 1 | . 1 . . Investigation . | . . . . Extermination . | . . . . Reinforcement 1 | . 1 . . Assault . | . . . . Garrison . | . . . . Intercept . | . . . . Searches Triggered . | . . . . Construction Impeded . | . . . . Haulers Reinforced . | . . . . Active Scanning Responses . | . . . . Cargo Convoy Interrupts . | . . . . Stealth | -11 -10 -10 -10 --------- Run | Scr Mat Min Exi Distress Signals . | . . . . Communications Jammed . | . . . . Distress Signals . | . . . . Times Spotted 25 | . 9 15 1 Peak Tracking Total 5 | . 5 5 4 Tactical Retreats 3 | . 1 2 . Traps | -11 -10 -10 -10 ------- Run | Scr Mat Min Exi Traps Triggered 5 | . 5 . . Indirectly . | . . . . Trap Hack Attempts . | . . . . Triggered . | . . . . Disarmed . | . . . . Reprogrammed . | . . . . Reused 1 | . . . 1 Traps Extracted . | . . . . Installed 3 | . . . 3 Triggered 1 | . . 1 . Most Traps Carried 3 | . . 3 3 Exploded 3 | . . . 3 Machines | -11 -10 -10 -10 ---------- Run | Scr Mat Min Exi Machines Disabled 8 | . 2 1 5 Max in Single Turn 3 | . 1 1 3 Machines Sabotaged . | . . . . Garrisons Compromised . | . . . . Overloaded Fab Kills . | . . . . Hacking | -11 -10 -10 -10 --------- Run | Scr Mat Min Exi Machines Accessed 3 | . 1 . 2 Terminals 1 | . 1 . . Fabricators . | . . . . Repair Stations . | . . . . Recycling Units . | . . . . Scanalyzers . | . . . . Garrison Access . | . . . . Total Hacks 3 | . 1 . 2 Successful 2 | . . . 2 Failed 1 | . 1 . . Catastrophic 1 | . 1 . . Database Lockouts . | . . . . Manual 2 | . 1 . 1 Terminals 1 | . 1 . . Fabricators . | . . . . Repair Stations . | . . . . Recycling Units . | . . . . Scanalyzers . | . . . . Garrison Access . | . . . . Terminal Hacks 2 | . . . 2 Record 1 | . . . 1 EX-Prototype ID Bank 1 | . . . 1 Fabricator Hacks . | . . . . Repair Station Hacks . | . . . . Recycling Unit Hacks . | . . . . Scanalyzer . | . . . . Garrison Access Hacks . | . . . . Unauthorized Hacks . | . . . . Terminals . | . . . . Fabricators . | . . . . Repair Stations . | . . . . Recycling Units . | . . . . Scanalyzers . | . . . . Garrison Access . | . . . . Data Cores Recovered . | . . . . Used . | . . . . Hacking Detections 1 | . 1 . . Full Trace Events . | . . . . Feedback Events . | . . . . Feedback Blocked . | . . . . Robot Schematics Acquired . | . . . . Robots Built . | . . . . Authchips . | . . . . Time . | . . . . Total Robot Build Rating . | . . . . Part Schematics Acquired . | . . . . Parts Built . | . . . . Authchips . | . . . . Time . | . . . . Total Part Build Rating . | . . . . Parts Repaired . | . . . . Time . | . . . . Parts Recycled . | . . . . Recycled Matter . | . . . . Retrieved Matter . | . . . . Retrieved Components . | . . . . Parts Scanalyzed . | . . . . Part Schematics Acquired . | . . . . Parts Damaged . | . . . . Bothacking | -11 -10 -10 -10 ------------ Run | Scr Mat Min Exi Used RIF Installer . | . . . . Robots Hacked . | . . . . Non-combat . | . . . . Combat . | . . . . Robot Hacks Applied . | . . . . Relay Couplers Released . | . . . . Fabnet Peak Effective % . | . . . . Robots Rewired . | . . . . Allies Hacked . | . . . . Hacks Repelled . | . . . . Allies | -11 -10 -10 -10 -------- Run | Scr Mat Min Exi Total Allies 2 | . . 2 . Largest Group 2 | . . 2 . Highest-Rated Group 45 | . . 45 . Highest-Rated Ally 31 | . . 31 . Total Orders . | . . . . Ally Attacks 5 | . . 5 . Total Damage 87 | . . 87 . Kills 1 | . . 1 . Allies Corrupted . | . . . . Allies Melted . | . . . . Intel | -11 -10 -10 -10 ------- Run | Scr Mat Min Exi Robot Analysis Total . | . . . . Derelict Logs Recovered 1 | . . 1 . Drone Launches . | . . . . Drone Recoveries . | . . . . Exploration | -11 -10 -10 -10 ------------- Run | Scr Mat Min Exi Turns Passed 1826 | 56 471 504 795 Spaces Moved 1438 | 51 313 457 617 Core 6 | 4 . . 2 Treads 11 | . . . 11 Legs . | . . . . Wheels 1421 | 47 313 457 604 Hover . | . . . . Flight . | . . . . Fastest Speed 50 | 50 95 95 95 Average Speed 100 | 85 95 95 108 Slowest Speed 650 | 95 95 95 650 Overloaded Moves . | . . . . Propulsion Burnouts . | . . . . Robots Hopped . | . . . . Cave-ins Triggered . | . . . . Exploration Rate (%) 52 | 4 58 81 68 Regions Visited 3 Branch Regions 2 Pre-discovered Areas 1 | . . . 1 Known Exits Taken . | . . . . Unknown Exits Taken 3 | 1 1 1 . Scrap Searched 1 | . . 1 . Spaces Dug 10 | . 10 . . Terrain Destroyed 168 | . 17 122 29 Melee . | . . . . Projectile 21 | . 17 3 1 AOE 147 | . . 119 28 Terrain Rammed . | . . . . Walls Destroyed . | . . . . Machines Disabled . | . . . . Actions | -11 -10 -10 -10 --------- Run | Scr Mat Min Exi Total 1672 | 60 382 500 730 Wait 93 | . 7 10 76 Move 1435 | 50 312 456 617 Hop . | . . . . Pick Up 20 | 4 7 3 6 Fast Attach 11 | 6 4 . 1 Attach 8 | . 2 2 4 Detach 1 | . . . 1 Swap 5 | . 1 1 3 Drop 17 | . 7 2 8 Fire 78 | . 41 26 11 Melee . | . . . . Ram 1 | . 1 . . Kick . | . . . . Crush . | . . . . Escape Stasis . | . . . . Rewire . | . . . . Trap 3 | . . . 3 Miscellaneous . | . . . . Route ------- -11/Scrapyard -10/Materials (discovered 2 exits: [*Mat] / [*Min]) -10/Mines (discovered 3 exits: [*Mat x2] / *Exi) -10/Exiles (discovered 1 exit: [*Min]) History --------- Turn | Location | Event 8 | -11/Scrapyard | Discovered new exit (range 16) 57 | -11/Scrapyard | Entered Materials 304 | -10/Materials | Build established: Mutant 384 | -10/Materials | Discovered new exit (range 8) 399 | -10/Materials | Discovered new exit (range 10) 528 | -10/Materials | Entered Mines 537 | -10/Mines | Learned Materials security intel 561 | -10/Mines | Discovered new exit (range 4) 755 | -10/Mines | Found a hidden stash of uninstalled traps 831 | -10/Mines | Discovered new exit (range 11) 837 | -10/Mines | Core integrity fell below 50% 1027 | -10/Mines | Deemed a non-threat by the Exiles lab entrance 1028 | -10/Mines | Discovered new exit (range 5) 1032 | -10/Mines | Entered Exiles 1055 | -10/Exiles | Discovered new exit (range 14) 1070 | -10/Exiles | Met 8R-AWN 1083 | -10/Exiles | Met EX-HEX 1151 | -10/Exiles | Met EX-DEC 1176 | -10/Exiles | Learned location of Zion (-7) 1475 | -10/Exiles | Met EX-BIN 1509 | -10/Exiles | Aligned with FarCom system 1510 | -10/Exiles | Given EX-Vault access code 1537 | -10/Exiles | Opened EX-Vault 1543 | -10/Exiles | Found YOLO Cannon 1549 | -10/Exiles | Found Latent Energy Streamer 1553 | -10/Exiles | Found Skeleton Box 1577 | -10/Exiles | Warned to stay clear of 0b10 Research branches 1650 | -10/Exiles | Attacked by the Exiles 1757 | -10/Exiles | Core integrity fell below 20% 1789 | -10/Exiles | Lost 4 parts (1p2n1w) 1827 | -10/Exiles | Destroyed by 8R-AWN with 8R-AWN's Boregun Last Messages --------------- 01793_ HV Slug penetrates Earth. 01797_ HV Slug penetrates Wall. 01797_ Penetrated by HV Slug. 01797_ Critical hit (Destroy). 01797_ Lgt. Treads destroyed. 01797_ HV Slug penetrates Wall. 01812_ Penetrated by HV Slug. 01812_ Critical hit (Destroy). 01812_ Lgt. Treads destroyed. 01812_ HV Slug penetrates Earth. 01812_ Penetrated by HV Slug. 01812_ HV Slug penetrates Earth. 01816_ Penetrated by HV Slug. 01816_ HV Slug penetrates Earth. 01816_ Penetrated by HV Slug. 01816_ HV Slug penetrates Earth. 01817_ System corrupted: Matter fused (-7). 01821_ Penetrated by HV Slug. 01821_ HV Slug penetrates Earth. 01827_ Penetrated by HV Slug. Map ----- +----------------------------------------------------+ | ???????????????????????????????????????????? | | ???????????????????????????????????????????? | | ???????????????????????????????????????????? | | ???????????????????????????????????????????? | | ???????????????????????????????????????????? | | ???????????????????????????????????????????? | | ???????????????????????????????????????????? | | ???????????????????????????????????????????? | | ???????????????????????????????????????????? | | ???????????????????????????????????????????? | | ????????????????????????????????????#######? | | ?????????????????????? ######???????#!!! "#? | | ????????????????????? #""#??????# "#? | | ????????????????????? ??????# "#? | | ????????????????????" ##???## ""#? | | ????????????????????? #####" ""#? | | ?????????????????????# ##" ""?? | | ??????????????????????# #"" #??? | | ?????????????????????????# #??? | | ????????????????????????????# ##?? | | ????????????????????????????##" "#?? | | ????????????????##????####### ### | | ????????????????# #???# !!"" # | | ?????????????????# ##?# ! | | ??????????????????# ###! "" | | ??????????????????#@g##! "" | | ??????????????????### # ! #"# | | ????????????????????##"###""# ###### | | ?????????????????????###??# # # #???### | | ??????????????????????????## ## ## #?????## | | ??????????????????????????? #### #??#??????? | | ??????????????????????????##???# #?????????? | | ???????????????????????????????# #?????????? | | ???????????????????????????????# #?????????? | | ???????????????????????????????? #?????????? | | ???????????????????????????????? #?????????? | | ???????????????????????????????? ??????????? | | ???????????????????????????????? ??????????? | | ???????????????????????????????? ??????????? | | ???????????????????????????????? ??????????? | | ???????????????????????????????? ??????????? | | ???????????????????????????????????????????? | | ???????????????????????????????????????????? | | ???????????????????????????????????????????? | | ???????????????????????????????????????????? | | ???????????????????????????????????????????? | | ???????????????????????????????????????????? | | ???????????????????????????????????????????? | | ???????????????????????????????????????????? | | ???????????????????????????????????????????? | +----------------------------------------------------+ Best States ------------- Heat Dissipation 35 Energy Generation 10 Energy Capacity 250 Matter Stores 300 Matter Capacity 300 Sight Range 16 Terrain Scan Density 10 Core Shielding 20 Weapon Shielding 33 Evasion (%) 44 Recoil Reduction 2 Item Schematics ----------------- None Robot Schematics ------------------ None Fabricated ------------ Nothing Alien Tech Used ----------------- None Achievements -------------- None Challenges ------------ None Game ------ Seed ThunderMatterAmplifier Manual? 0 Play Time 00:19:04 Cumulative 219.4 hours Start 2022.04.23 @ 20:22:14 End 2022.04.23 @ 20:37:39 Sessions 1 Manual Loads 0 Difficulty Rogue Special Mode None Game No. 67 Rogue 50 Adventurer 17 Explorer 0 Win Type - Total 12 Types 7/0/4/1/0/0/0/0/0 Lore% 73 Gallery% 74 Achievement% 67 Wizard Run 0 Options --------- ASCII 0 Keyboard 0 Movement Arrows Keybinds 0 Fullscreen 1 Font 28/Dina Map View 72x54 Tactical HUD 1 Map Filters NONE Filters NONE Steam 1 RUN: 2a73fe6c-d07a-4cb2-b1cf-fb119be42662